 Dungeon Crawl Stone Soup version 0.19.1-1-g22dce08 (webtiles) character file.

879 Alarkh the Chopper (level 7, -2/52 HPs)
             Began as a Demonspawn Monk on Jan 5, 2017.
             Was a Believer of Okawaru.
             Splashed by a gnoll's acid (16 damage)
             ... on level 5 of the Dungeon.
             The game lasted 00:09:52 (6036 turns).

Alarkh the Chopper (Demonspawn Monk)                Turns: 6036, Time: 00:09:52

Health: -2/52      AC:  3    Str: 12    XL:     7   Next: 75%
Magic:  8/8        EV: 14    Int: 13    God:    Okawaru [**....]
Gold:   52         SH:  5    Dex: 15    Spells: 0 memorised, 6 levels left

rFire  . . .     SeeInvis +     a - +0 hand axe
rCold  . . .     Gourm    .     b - +0 robe
rNeg   . . .     Faith    .     s - +2 buckler
rPois  .         Spirit   .     (helmet restricted)
rElec  .         Reflect  .     f - +0 cloak
rCorr  .         Harm     .     (no gloves)
MR     .....                    (no boots)
Stlth  ++++......               w - amulet of rage
                                E - ring of stealth
                                j - ring of see invisible

@: no status effects
A: antennae 1, repulsion field 1, powered by death 1
a: Heroism, Renounce Religion, Evoke Berserk Rage


You were on level 5 of the Dungeon.
You worshipped Okawaru.
Okawaru was pleased with you.
You were not hungry.

You visited 2 branches of the dungeon, and saw 6 of its levels.

You collected 191 gold pieces.
You spent 139 gold pieces at shops.

Inventory:

Hand Weapons
 a - a +0 hand axe (weapon)
Armour
 b - a +0 robe (worn)
 f - a +0 cloak (worn)
 s - a +2 buckler (worn)
Jewellery
 j - a ring of see invisible (left hand)
 n - an uncursed ring of wizardry
 w - an amulet of rage (around neck)
 E - a ring of stealth (right hand)
Wands
 e - a wand of random effects (32/48)
 F - a wand of teleportation (7/9)
 I - a wand of flame (0/48)
Scrolls
 g - 2 scrolls of teleportation
 p - a scroll of amnesia {unknown}
 u - a scroll of noise {unknown}
 v - a scroll of blinking {unknown}
 x - 2 scrolls of remove curse {unknown}
 y - a scroll of immolation {unknown}
 z - a scroll of identify
 B - a scroll of fear {unknown}
 C - 3 scrolls of fog {unknown}
 D - a scroll of recharging {unknown}
 J - a scroll of enchant armour {unknown}
 L - a scroll of enchant weapon {unknown}
Potions
 h - 3 potions of brilliance
 i - a potion of might
 k - a potion of cure mutation
 m - a potion of curing
 o - 2 potions of lignification
 q - a potion of magic {unknown}
 r - a potion of flight {unknown}
 t - a potion of heal wounds {unknown}
 G - a potion of experience {unknown}
 H - a potion of haste {unknown}
 K - a potion of agility
Comestibles
 c - 7 bread rations
 d - 2 meat rations
 l - a slice of pizza
 A - a royal jelly
 M - 3 chunks of flesh


   Skills:
 - Level 3.0 Fighting
 * Level 7.5 Axes
 - Level 2.6 Dodging
 - Level 4.0 Stealth
 + Level 2.0 Evocations


You had 6 spell levels left.
You didn't know any spells.

Dungeon Overview and Level Annotations

Branches:
Dungeon (5/15)             Temple (1/1) D:5

Altars:
Ashenzari
Cheibriados
Dithmenos
Elyvilon
Fedhas
Gozag
Hepliaklqana
Kikubaaqudgha
Makhleb
Nemelex Xobeh
Okawaru
Qazlal
Ru
Sif Muna
Trog
Uskayaw
Vehumet
Xom
Yredelemnul
Zin
The Shining One

Shops:
D:4 *


Innate Abilities, Weirdness & Mutations

You have a pair of small antennae on your head.
You are surrounded by a mild repulsion field. (EV +2)
You regenerate a little health from kills.


Message History

The gnoll hits you with a spear.
You hit the gnoll.
You kill the gnoll!
Okawaru accepts your kill.
No target in view!
Items here: ( ) [ † a spear; 19 stones; a ring mail; a gnoll corpse You butcher the gnoll corpse.
M - 4 chunks of flesh
Things that are here:
a spear; 19 stones; a ring mail Eat one of 4 chunks of flesh? (ye/n/q)
You start eating one of the 4 chunks of flesh.
This raw flesh tastes terrible.
The gnoll shouts!
The gnoll zaps a wand.
The bolt of acid misses you.
It is a wand of acid.
The gnoll zaps a wand.
The bolt of acid hits you!
* * * LOW HITPOINT WARNING * * *
You are splashed with acid!
The acid burns!
You die...

############### #
##...S..........# .# #
##...########.##.# .# #
#..#...........#.#..# ..# #
#....###..###.##.#..##..#. #
#.#.# #..# #............. #
##.#.####>.######.#........
#######.#.......@<......#........
.g.g...###)####..##.###.##.......
....###.#..# #..##.# #.##.......
........)..# #.g...# #..........
....####(### #..g..# #.##.......
....# #(# ##.._..###.##.......
#(### #.# #.gg.......##.......
#.##.........g.......######.###.#
#.##.########.....#### #.# #


You could see 4 gnolls.

Vanquished Creatures
  The ghost of Yoshimo the Conjurer, an amateur DgCj (D:4)
  A sky beast (D:5)
  An ice beast (D:3)
  A phantom (D:4)
  An ogre (D:4)
  2 howler monkeys (D:4)
  A hound (D:5)
  An orc wizard (D:4)
  4 worker ants
  3 gnolls (D:5)
  6 adders
  4 worms
  4 dart slugs
  A leopard gecko (D:2)
  6 orcs
  2 ball pythons
  6 giant cockroaches
  5 goblins
  7 hobgoblins
  3 jackals (D:2)
  A quokka (D:3)
  4 bats
  3 frilled lizards
  6 kobolds
  7 rats
81 creatures vanquished.

Vanquished Creatures (others)
  An adder (D:4)
1 creature vanquished.

Grand Total: 82 creatures vanquished

Notes
Turn   | Place    | Note
-------+----------+-------------------------------------------
     0 | D:1      | Alarkh the Demonspawn Monk began the quest for the Orb.
     0 | D:1      | Reached XP level 1. HP: 18/18 MP: 1/1
   104 | D:1      | Reached skill level 3 in Axes
   313 | D:1      | Gained mutation: You are surrounded by a mild repulsion field. (EV +2) [demonic ancestry]
   313 | D:1      | Reached XP level 2. HP: 24/24 MP: 2/2
  1011 | D:2      | Reached XP level 3. HP: 29/29 MP: 3/3
  1062 | D:2      | Found a sparkling altar of Nemelex Xobeh.
  1390 | D:2      | Reached skill level 4 in Axes
  2320 | D:3      | Reached XP level 4. HP: 31/35 MP: 4/4
  2596 | D:3      | Noticed an ice beast
  2608 | D:3      | Killed an ice beast
  2608 | D:3      | Reached skill level 5 in Axes
  2608 | D:3      | Gained mutation: You have a pair of small antennae on your head. [demonic ancestry]
  2608 | D:3      | Reached XP level 5. HP: 23/41 MP: 5/5
  3176 | D:4      | Noticed Yoshimo's ghost (amateur DgCj)
  3737 | D:4      | Gained mutation: You regenerate a little health from kills. [demonic ancestry]
  3737 | D:4      | Reached XP level 6. HP: 23/47 MP: 6/6
  4267 | D:5      | Entered Level 5 of the Dungeon
  4308 | D:5      | Reached skill level 6 in Axes
  4430 | D:5      | Found a blossoming altar of Fedhas.
  4484 | D:4      | Found Goudam's Assorted Antiques.
  4487 | D:4      | Bought 2 metallic dark potions for 43 gold pieces
  4487 | D:4      | Bought a scroll labeled YGIEL GEISK for 24 gold pieces
  4633 | D:4      | Bought a potion of curing for 72 gold pieces
  5094 | D:4      | Killed Yoshimo's ghost
  5167 | D:4      | Reached XP level 7. HP: 49/52 MP: 7/7
  5441 | D:4      | Reached skill level 7 in Axes
  5463 | D:5      | Found a staircase to the Ecumenical Temple.
  5519 | Temple   | Entered the Ecumenical Temple
  5596 | Temple   | Became a worshipper of Warmaster Okawaru
  5596 | Temple   | Reached * piety under Okawaru
  5596 | Temple   | Reached ** piety under Okawaru
  5679 | D:5      | Reached skill level 1 in Evocations
  6036 | D:5      | Splashed by a gnoll's acid

Skill      XL: |  1  2  3  4  5  6  7 |
---------------+----------------------+-----
Axes           | 3 4 5 6 7 |  7.5
Stealth        | 2 3 4 |  4.0
Evocations     | 2 |  2.0
Fighting       | |  3.0
Dodging        | |  2.6

Action                   |  1- 3 |  4- 6 |  7- 9 || total
-------------------------+-------+-------+-------++-------
Melee: Hand axe          |   155 |   212 |    83 ||   450
Invok: Heroism           |       |       |     1 ||     1
 Abil: Evoke Berserk Rag |       |     3 |       ||     3
Evoke: Wand              |       |     6 |    19 ||    25
  Use: Scroll            |     2 |     6 |       ||     8
       Potion            |       |     1 |     1 ||     2
 Stab: Sleeping          |     6 |     7 |     3 ||    16
       Distracted        |     1 |       |       ||     1
  Eat: Chunk             |     5 |    10 |     4 ||    19
Armor: Robe              |    25 |    24 |     6 ||    55
Dodge: Dodged            |   120 |   110 |    48 ||   278
Block: Buckler           |     2 |    39 |    23 ||    64
